 Dungeon Crawl Stone Soup version 0.30-a0-924-g0ad0bf95bc (webtiles) character file.

Game seed: 9784396667739297954

382 cforsyth the Trooper (level 7, -4/56 HPs)
             Began as a Human Monk on Mar 23, 2023.
             Slain by a gnoll
             ... wielding a +0 halberd
              (11 damage)
             ... on level 5 of the Dungeon.
             The game lasted 00:07:00 (4947 turns).

cforsyth the Trooper (Human Monk)                   Turns: 4947, Time: 00:07:01

Health: -4/56      AC: 10    Str: 13    XL:     7   Next: 5%
Magic:  7/7        EV: 10    Int: 10    God:
Gold:   170        SH:  0    Dex: 16    Spells: 6/6 levels left

rFire   . . .      SeeInvis .    c - +0 whip (holy)
rCold   . . .      Faith    .    (no shield)
rNeg    . . .      Spirit   .    v - +0 scale mail
rPois   .          Reflect  .    n - +1 helmet
rElec   .          Rampage  .    (no cloak)
rCorr   .                        u - +1 pair of gloves
Will    .....                    (no boots)
Stlth   +                        y - amulet of regeneration
HPRegen 1.09/turn                (no ring)
MPRegen 0.10/turn                (no ring)

@: no status effects
A: no striking features
a: no special abilities


You were on level 5 of the Dungeon.
You visited 1 branch of the dungeon, and saw 5 of its levels.

You collected 218 gold pieces.
You spent 48 gold pieces at shops.

Inventory:

Hand Weapons
 a - a +0 mace
 c - a +0 whip of holy wrath (weapon)
Missiles
 t - 2 throwing nets (quivered)
Armour
 b - a +0 robe
 n - a +1 helmet (worn)
 u - a +1 pair of gloves (worn)
 v - a +0 scale mail (worn)
Jewellery
 q - a ring of magical power
 y - an amulet of regeneration (around neck)
Wands
 r - a wand of iceblast (4)
Scrolls
 d - a scroll of fear {unknown}
 f - a scroll of poison {unknown}
 g - a scroll of fog {unknown}
 h - 4 scrolls of teleportation {unknown}
 j - 4 scrolls of identify {unknown}
 l - 3 scrolls of immolation {unknown}
 o - a scroll of enchant armour {unknown}
 p - a scroll of blinking
 w - a scroll of brand weapon {unknown}
 x - a scroll of vulnerability {unknown}
 A - a scroll of amnesia {unknown}
Potions
 e - a potion of invisibility {unknown}
 i - a potion of attraction {unknown}
 k - a potion of heal wounds {unknown}
 m - a potion of magic
 s - 2 potions of might {unknown}
 z - 2 potions of lignification {unknown}
 B - a potion of haste {unknown}


   Skills:
 + Level 5.3 Fighting
 + Level 5.3 Maces & Flails
 + Level 1.7 Armour
 - Level 3.0 Dodging
 - Level 2.0 Stealth


You had 6 spell levels left.
You didn't know any spells.
Your spell library contained the following spells:

 Spells                   Type           Power      Damage    Failure   Level
 Hailstorm                Conj/Ice       0%         3d3       99%         3
 Ice Form                 Ice/Tmut       0%         N/A       100%        4
 Fireball                 Conj/Fire      0%         3d3       100%        5
 Iskenderun's Battlesphe  Conj           0%         2d6       100%        5
 Conjure Ball Lightning   Conj/Air       0%         3x3d6     100%        6
 Simulacrum               Ice/Necr       0%         N/A       100%        6
 Orb of Destruction       Conj           0%         9d5       100%        7


Dungeon Overview and Level Annotations

Branches:
Dungeon (5/15)
 Temple: D:4-7

Altars:
Elyvilon
Ru

Shops:
D:2 *


Message History

The gnoll is almost dead.
The gnoll barely misses you. The gnoll hits you with a +0 spear.
You hit the gnoll.
You kill the gnoll!
An ice beast comes into view.
The gnoll hits you from afar with a +0 halberd.
You hit the hound but do no damage. The hound bites you but does no damage.
The gnoll barely misses you.
You barely miss the hound. The hound bites you but does no damage.
The gnoll hits you from afar with a +0 halberd.
The hound misses you.
You hit the hound but do no damage. The hound closely misses you.
You barely miss the hound.
The gnoll hits you from afar with a +0 halberd.
The hound closely misses you.
You are too injured to fight recklessly!
The gnoll hits you with a +0 halberd.
Items here: )) [ †.
You hit the gnoll but do no damage. The hound bites you but does no damage.
The gnoll barely misses you. The hound barely misses you.
You hit the gnoll.
The gnoll is lightly wounded.
The hound barely misses you. The gnoll hits you with a +0 halberd!
* * * LOW HITPOINT WARNING * * *
You hit the gnoll.
The gnoll is heavily wounded.
The hound bites you but does no damage. The gnoll hits you with a +0 halberd!
* * * LOW HITPOINT WARNING * * *
You hit the gnoll.
The gnoll is severely wounded.
The hound bites you.
* * * LOW HITPOINT WARNING * * *
You hit the gnoll but do no damage.
The gnoll is severely wounded.
The hound misses you. The gnoll hits you but does no damage.
Unknown command.
Unknown command.
It was a potion of magic.
Magic courses through your body. The hound closely misses you.
The gnoll hits you with a +0 halberd!
You die...

#.. #.# >#####
#.######### ......#
#.<........ .......
#.#........
.......#####.#.#######
.......+..(...........
.......#####.#.#######
......Yggh@g.#.#
.......#######.#
....... #.# .######
#.# ..# ###


You could see an ice beast, a hound and 3 gnolls.

Vanquished Creatures
  An ogre (D:4)
  An orc priest (D:3)
  A hound (D:4)
  An iguana (D:4)
  An orc wizard (D:3)
  A gnoll (D:5)
  6 adders
  5 dart slugs
  A worm (D:3)
  14 orcs
  13 endoplasms
  2 giant cockroaches (D:1)
  8 goblins
  7 hobgoblins
  A quokka (D:1)
  7 ball pythons
  9 bats
  3 frilled lizards
  11 kobolds
  10 rats
103 creatures vanquished.

Notes
Turn   | Place    | Note
-------+----------+-------------------------------------------
     0 | D:1      | cforsyth the Human Monk began the quest for the Orb.
     0 | D:1      | Reached XP level 1. HP: 18/18 MP: 1/1
   138 | D:1      | Reached XP level 2. HP: 24/24 MP: 2/2
   418 | D:1      | Reached XP level 3. HP: 26/29 MP: 3/3
  1123 | D:2      | HP: 1/30 [poisoned by an adder]
  1151 | D:2      | Reached XP level 4. HP: 34/37 MP: 4/4
  1785 | D:2      | Found Tineawe's Assorted Antiques.
  1814 | D:2      | Bought a scroll labelled POGRUE ZIYCRAZUURY for 24 gold
                  | pieces
  1814 | D:2      | Bought a scroll labelled HOWKIC COKETZU for 24 gold pieces
  2051 | D:3      | Reached XP level 5. HP: 32/42 MP: 5/5
  2946 | D:3      | Found a sacrificial altar of Ru.
  3610 | D:3      | Reached XP level 6. HP: 50/50 MP: 6/6
  4213 | D:4      | Reached skill level 5 in Fighting
  4213 | D:4      | Reached skill level 5 in Maces & Flails
  4499 | D:4      | Found a white marble altar of Elyvilon.
  4635 | D:4      | Reached skill level 1 in Armour
  4739 | D:4      | Noticed an ogre
  4759 | D:4      | Killed an ogre
  4760 | D:4      | Reached XP level 7. HP: 31/56 MP: 7/7
  4892 | D:5      | Entered Level 5 of the Dungeon
  4947 | D:5      | Slain by a gnoll

Illustrated notes

Levels and vault maps discovered:
D:1:      dpeg_arrival_prison, layout_basic, kennysheep_boxes
D:2:      layout_loops_ring, serial_shops, shop
D:3:      kennysheep_six_static_rooms, layout_rooms, nicolae_ru_path_of_blood
D:4:      wad_pebble_path, layout_loops_cross, lemuel_crystal_altar,
          serial_glass, glass_columns_b, glass_columns_a,
          kennysheep_generic_room_9
D:5:      layout_basic, mainiacjoe_overflow_divided_tiny,
          mainiacjoe_overflow_swirl, gammafunk_ghost_smash,
          minmay_fire_ice_demons, uniq_blork_the_orc, uniq_sigmund

Skill      XL: |  1  2  3  4  5  6 |
---------------+-------------------+-----
Fighting       | 4 5 |  5.3
Maces & Flails | 4 5 |  5.3
Armour         | 1 |  1.7
Dodging        | |  3.0
Stealth        | |  2.0

Action                     |  1- 3 |  4- 6 |  7- 9 || total
---------------------------+-------+-------+-------++-------
  Melee: Mace              |   101 |       |       ||   101
         Whip              |     9 |   342 |    30 ||   381
         Punch             |     1 |     4 |     2 ||     7
  Evoke: Wand              |       |     2 |       ||     2
    Use: Potion            |     1 |     1 |     1 ||     3
         Scroll            |       |     1 |       ||     1
   Stab: Sleeping          |    12 |     6 |       ||    18
 Armour: Robe              |    11 |    73 |       ||    84
         Scale mail        |       |    20 |    11 ||    31
  Dodge: Dodged            |    64 |   210 |    22 ||   296

Table legend: (Time is in decaauts)
 A = Elapsed time spent in this place.
 B = Non-inter-level travel time spent in this place.
 C = Inter-level travel time spent in this place.
 D = Time resting spent in this place.
 E = Time spent auto-exploring this place.
 F = Levels seen in this place.
 G = Mean time per level.
                   A        B        C        D        E       F      G
               +--------+--------+--------+--------+--------+-----+--------+
         Total |   4959 |   4705 |    254 |    963 |   2769 |   5 |  991.8 |
       Dungeon |   4959 |   4705 |    254 |    963 |   2769 |   5 |  991.8 |
               +--------+--------+--------+--------+--------+-----+--------+

Top non-repeatable levels by time:
     D:3: 1803 daAuts
     D:2: 1213 daAuts
     D:1: 1156 daAuts
     D:4: 737 daAuts
     D:5: 49 daAuts
